 Dungeon Crawl Stone Soup version 0.22-a0-247-gbddf880 (webtiles) character file.

4319 Klosterheim the Spear-Bearer (level 10, -7/79 HPs)
             Began as a Merfolk Skald on Feb 24, 2018.
             Was a Follower of Nemelex Xobeh.
             Mangled by an ogre
             ... wielding a +0 giant club
              (12 damage)
             ... while paralysed by a hornet
             ... on level 9 of the Dungeon.
             The game lasted 00:20:26 (9306 turns).

Klosterheim the Spear-Bearer (Merfolk Skald)        Turns: 9306, Time: 00:20:26

Health: -7/79      AC:  8    Str: 13    XL:     10   Next: 33%
Magic:  12/14      EV:  2    Int: 15    God:    Nemelex Xobeh [*.....]
Gold:   328        SH:  0    Dex: 13    Spells: 8/15 levels left

rFire    . . .     SeeInvis .   n - +1 halberd (vamp)
rCold    . . .     Gourm    .   (shield currently unavailable)
rNeg     + . .     Faith    .   y - +0 troll leather armour
rPois    .         Spirit   .   s - +0 helmet
rElec    .         Reflect  .   (no cloak)
rCorr    .         Harm     .   k - +0 pair of gloves
MR       .....                  (no boots)
Stlth    +.........             (no amulet)
HPRegen  0.63/turn              i - ring of positive energy
MPRegen  0.14/turn              p - +2 ring of protection

@: paralysed, lethally poisoned (-7 -> -8), slowed
A: change form in water, swift swim, stealthy swim
a: Renounce Religion


You were on level 9 of the Dungeon.
You worshipped Nemelex Xobeh.
Nemelex Xobeh was aware of your devotion.
You were not hungry.

You visited 2 branches of the dungeon, and saw 10 of its levels.

You collected 524 gold pieces.
You spent 196 gold pieces at shops.

Inventory:

Hand Weapons
 n - a +1 vampiric halberd (weapon)
Armour
 k - a +0 pair of gloves (worn)
 s - a +0 helmet (worn)
 y - a +0 troll leather armour (worn)
Jewellery
 i - a ring of positive energy (left hand)
 p - a +2 ring of protection (right hand)
Wands
 a - a wand of paralysis (3)
 f - a wand of flame (9)
Scrolls
 d - 5 scrolls of identify
 e - 2 scrolls of enchant weapon
 o - 5 scrolls of amnesia
 r - a scroll of fear
 t - 4 scrolls of vulnerability {unknown}
 x - 2 scrolls of teleportation
Potions
 b - a potion of flight
 g - 2 potions of lignification
 h - 2 potions of ambrosia
 j - 3 potions of mutation
 m - 4 potions of curing
 q - a potion of might
 w - a potion of haste {unknown}
Miscellaneous
 l - a plain deck of escape
Comestibles
 c - 14 rations
 u - 4 chunks of flesh


   Skills:
 + Level 7.4 Fighting
 * Level 13.0 Polearms
 - Level 0.6 Armour
 + Level 7.5 Dodging
 - Level 3.0 Spellcasting
 - Level 3.0 Hexes
 - Level 8.0 Charms


You had 8 spell levels left.
You knew the following spells:

 Your Spells              Type           Power        Failure   Level  Hunger
a - Song of Slaying       Chrm           ####....     1%          2    ##.....
b - Shroud of Golubria    Chrm/Tloc      ##........   8%          2    ##.....
c - Spectral Weapon       Hex/Chrm       ###.....     8%          3    ###....


Dungeon Overview and Level Annotations

Branches:
Dungeon (9/15)             Temple (1/1) D:7            Lair (0/6) D:9
    Orc: D:9-12

Altars:
Ashenzari
Cheibriados
Dithmenos
Elyvilon
Fedhas
Gozag
Hepliaklqana
Kikubaaqudgha
Nemelex Xobeh
Okawaru
Qazlal
Ru
Sif Muna
Trog
Uskayaw
Vehumet
Wu Jian
Xom
Yredelemnul
Zin
The Shining One

Shops:
D:8 [%


Message History

You are poisoned.
You feel yourself slow down. The hornet misses you.
You closely miss the hornet.
You feel sick.
Your spectral weapon closely misses the hornet.
The hornet stings you but does no damage.
The ogre hits you with a giant club! The hornet closely misses you.
You barely miss the hornet.
You feel sick.
Your spectral weapon hits the hornet!
Your spectral weapon is healed.
The hornet stings you!
You suddenly lose the ability to move!
The ogre hits you with a giant club. The hornet stings you!
* * * LOW HITPOINT WARNING * * *
You shrug off the repeated paralysis!
The hornet stings you!
* * * LOW HITPOINT WARNING * * *
You feel as though you will be slow longer.
You feel sick. The hornet stings you.
* * * LOW HITPOINT WARNING * * *
You shrug off the repeated paralysis!
The ogre hits you with a giant club!
You die...
Your body disappears without a glow.

..# #. #.# #. #.# #.
#.###### ######.
#....... <......
#.###### ....... #.# #
......O##########.# #
.....(y@........<.# #
.......##########.######
....... #....... .......
#.###### ....... #.# #
.......##########.# #
.>..... ..........######
####.## #).....≈≈≈≈≈≈≈.
#.....≈.≈≈≈≈≈≈≈


You could see a hornet, an ogre and a friendly spectral vampiric halberd.

Vanquished Creatures
  A manticore (D:9)
  A troll (D:9)
  Prince Ribbit (D:7)
  Sigmund (D:2)
  A hungry ghost (D:7)
  A phantom (D:5)
  3 ice beasts
  An ogre (D:9)
  A sky beast (D:9)
  3 wolves (D:9)
  2 centaurs
  A big kobold (D:8)
  A bullfrog (D:7)
  A scorpion (D:9)
  5 killer bees (D:9)
  12 wights
  3 electric eels (D:9)
  A howler monkey (D:5)
  3 crimson imps
  3 bullfrog zombies
  2 orc wizards (D:5)
  7 hounds
  2 jellies
  3 iguanas
  4 bullfrog skeletons
  Natasha (thrice) (D:2)
  6 worker ants
  A howler monkey skeleton (D:5)
  10 gnolls
  9 adders
  2 shadow imps
  2 oozes
  An adder skeleton (D:5)
  2 worms
  2 dart slugs
  2 leopard geckos
  9 orcs
  4 bats
  2 giant cockroaches (D:1)
  8 goblins
  8 hobgoblins
  6 jackals
  14 kobolds
  4 quokkas
  3 ball pythons
  3 frilled lizards
  A leopard gecko skeleton (D:4)
  8 rats
174 creatures vanquished.

Vanquished Creatures (others)
  An adder (D:9)
  A spectral weapon (D:9)
2 creatures vanquished.

Grand Total: 176 creatures vanquished

Notes
Turn   | Place    | Note
-------+----------+-------------------------------------------
     0 | D:1      | Klosterheim the Merfolk Skald began the quest for the Orb.
     0 | D:1      | Reached XP level 1. HP: 16/16 MP: 3/3
    78 | D:1      | Reached XP level 2. HP: 18/23 MP: 5/5
   919 | D:2      | Reached XP level 3. HP: 28/28 MP: 6/6
  1251 | D:2      | Learned a level 2 spell: Song of Slaying
  1350 | D:2      | Noticed Natasha
  1374 | D:2      | Killed Natasha
  1374 | D:2      | Reached skill level 4 in Polearms
  1374 | D:2      | Reached XP level 4. HP: 20/34 MP: 7/7
  1594 | D:2      | Noticed Sigmund
  1630 | D:2      | Killed Sigmund
  1630 | D:2      | Reached skill level 5 in Polearms
  1630 | D:2      | Reached XP level 5. HP: 23/41 MP: 7/9
  1630 | D:2      | Reached XP level 6. HP: 27/47 MP: 7/10
  1872 | D:2      | Noticed Natasha
  1877 | D:2      | Killed Natasha
  1877 | D:2      | Reached skill level 5 in Charms
  1946 | D:2      | Noticed Natasha
  1956 | D:2      | Killed Natasha
  2238 | D:2      | Learned a level 2 spell: Shroud of Golubria
  2425 | D:3      | Reached skill level 6 in Polearms
  2513 | D:3      | HP: 2/47 [gnoll/whip (5)]
  3351 | D:3      | Found an iron altar of Okawaru.
  3736 | D:4      | Reached XP level 7. HP: 48/53 MP: 8/11
  3779 | D:4      | Found a blossoming altar of Fedhas.
  4669 | D:5      | Entered Level 5 of the Dungeon
  4737 | D:5      | Reached skill level 7 in Polearms
  5199 | D:5      | Reached skill level 8 in Polearms
  5245 | D:4      | Learned a level 3 spell: Spectral Weapon
  5393 | D:5      | Reached XP level 8. HP: 48/61 MP: 12/12
  6044 | D:6      | HP: 1/61 [wight/long sword (10)]
  6082 | D:5      | Reached skill level 1 in Hexes
  6318 | D:5      | Reached skill level 5 in Fighting
  6325 | D:6      | Reached skill level 9 in Polearms
  6389 | D:6      | You fall through a shaft!
  6757 | D:7      | Reached skill level 10 in Polearms
  6757 | D:7      | Reached XP level 9. HP: 68/68 MP: 13/13
  6764 | D:7      | Found a staircase to the Ecumenical Temple.
  6959 | D:7      | Noticed Prince Ribbit
  7288 | Temple   | Entered the Ecumenical Temple
  7391 | Temple   | Became a worshipper of Nemelex Xobeh the Trickster
  7424 | D:7      | Killed Prince Ribbit
  7424 | D:7      | Reached skill level 5 in Dodging
  8093 | D:8      | Received a gift from Nemelex Xobeh
  8155 | D:8      | Found Uklot's Food Emporium.
  8303 | D:8      | Reached skill level 11 in Polearms
  8321 | D:8      | Found Wydwobbe's Antique Armour Boutique.
  8325 | D:8      | Bought a crude leather armour for 196 gold pieces
  8335 | D:8      | Identified the +0 leather armour "Matyidd Soti" {*Corrode SInv Stlth+} (You bought it in a shop on level 8 of the Dungeon)
  8559 | D:9      | Noticed a troll
  8591 | D:9      | Killed a troll
  8616 | D:9      | HP: 1/71 [wolf (5)]
  8770 | D:9      | Reached skill level 12 in Polearms
  8780 | D:9      | Reached XP level 10. HP: 74/77 MP: 10/14
  8821 | D:9      | Found a staircase to the Lair.
  8988 | D:9      | Reached * piety under Nemelex Xobeh
  9134 | D:9      | Noticed a manticore
  9143 | D:9      | Killed a manticore
  9143 | D:9      | Reached skill level 13 in Polearms
  9304 | D:9      | Paralysed by a hornet for 3 turns
  9306 | D:9      | Mangled by an ogre

Vault maps used:
D:1:      ncdulo_halloftheorcs, roderic_lattice_a
D:2:      uniq_natasha, uniq_sigmund
D:3:      grunt_ministairs_2, serial_park_tiny_pond, okawaru_trees_2
D:4:      fedhas_altar_3
D:5:      first_ration
D:6:      makhleb_heckhound_becter, serial_undead, serial_undead_d,
          serial_undead_f, serial_undead_a, serial_undead_c, uniq_duvessa
D:7:      minmay_temple_entry_statues_pillars, uniq_prince_ribbit1
D:8:      serial_shops, shop, nicolae_shop_waterfront
D:9:      erik_lair_island
Temple:   compressed_dpeg_triangle_lava_temple

Skill      XL: |  1  2  3  4  5  6  7  8  9 10 |
---------------+-------------------------------+-----
Polearms       | 4 5 6 8 10 12 13 | 13.0
Charms         | 4 5 6 7 8 |  8.0
Fighting       | 3 4 5 6 7 |  7.4
Spellcasting   | 3 |  3.0
Dodging        | 3 4 6 7 |  7.5
Hexes          | 2 3 |  3.0
Armour         | |  0.6

Action                   |  1- 3 |  4- 6 |  7- 9 | 10-12 || total
-------------------------+-------+-------+-------+-------++-------
Melee: Spear             |   112 |   263 |   181 |       ||   556
       Halberd           |       |       |   361 |    65 ||   426
 Cast: Infusion          |     1 |       |       |       ||     1
       Shroud of Golubri |       |     5 |     7 |     1 ||    13
       Song of Slaying   |       |     1 |     4 |       ||     5
       Spectral Weapon   |       |       |     6 |     2 ||     8
Evoke: Wand              |       |       |     2 |     2 ||     4
  Use: Scroll            |     8 |     2 |     8 |       ||    18
       Potion            |     1 |     3 |     2 |       ||     6
 Stab: Sleeping          |       |     1 |       |       ||     1
  Eat: Chunk             |     1 |     9 |    15 |     2 ||    27
       Ration            |       |       |     3 |       ||     3
Armor: Leather armour    |     7 |    33 |    63 |       ||   103
       Skin              |       |    15 |       |       ||    15
       Ring mail         |       |       |    89 |       ||    89
       Troll leather arm |       |       |     2 |     7 ||     9
Dodge: Dodged            |    44 |   101 |   310 |    37 ||   492

Table legend:
 A = Spawn XP
 B = Non-spawn XP
 C = Spawn XP percentage of total XP
 D = Spawn monster count
 E = Non-spawn monster count
 F = Spawn count percentage of total count
 G = Total turns spent on level
                    A         B        C        D         E        F      G
               +---------+---------+-------+---------+---------+-------+---------
         Total |       0 |    6170 |   0.0 |       0 |     174 |   0.0 |  9306
               +---------+---------+-------+---------+---------+-------+---------
           D:1 |       0 |      30 |   0.0 |       0 |      17 |   0.0 |   842
           D:2 |       0 |     397 |   0.0 |       0 |      25 |   0.0 |  1611
           D:3 |       0 |     142 |   0.0 |       0 |      22 |   0.0 |  1232
           D:4 |       0 |     172 |   0.0 |       0 |      11 |   0.0 |  1357
           D:5 |       0 |     647 |   0.0 |       0 |      20 |   0.0 |  1117
           D:6 |       0 |     465 |   0.0 |       0 |      11 |   0.0 |   230
           D:7 |       0 |     798 |   0.0 |       0 |      12 |   0.0 |  1261
           D:8 |       0 |     941 |   0.0 |       0 |      24 |   0.0 |   750
           D:9 |       0 |    2578 |   0.0 |       0 |      32 |   0.0 |   793
               +---------+---------+-------+---------+---------+-------+---------
